 Dungeon Crawl Stone Soup version 0.17.0-7-gfadd4cc (webtiles) character file.

8726 HungrySpirit the Bludgeoner (level 11, 0/111 HPs)
             Began as an Ogre Arcane Marksman on Nov 8, 2015.
             Was a Believer of Qazlal.
             Slain by a komodo dragon (3 damage)
             ... on level 10 of the Dungeon.
             The game lasted 00:29:45 (13861 turns).

HungrySpirit the Bludgeoner (Ogre Arcane Marksman) Turns: 13861, Time: 00:29:45

Health: 0/111      AC:  9    Str: 21    XL:     11   Next: 35%
Magic:  12/12      EV: 11    Int: 12    God:    Qazlal [**....]
Gold:   151        SH:  3    Dex:  9    Spells: 1 memorised, 11 levels left

rFire  . . .     SeeInvis .     l - +3 flail (crush)
rCold  + . .     Clarity  .     A - +1 robe {rC+}
rNeg   . . .     SustAt   .     (no shield)
rPois  .         Gourm    .     n - +2 hat
rElec  .         Spirit   .     J - +0 cloak
rCorr  .         Warding  .     (gloves unavailable)
rMut   .         Stasis   .     (boots unavailable)
MR     +....                    (no amulet)
Stlth  ++........               (no ring)
                                L - ring of stealth

@: about to teleport, somewhat resistant to hostile enchantments, unstealthy
A: unfitting armour, thin metallic scales 1, tough skin 1
a: Upheaval, Renounce Religion


You were on level 10 of the Dungeon.
You worshipped Qazlal.
Qazlal was pleased with you.
You were not hungry.

You visited 2 branches of the dungeon, and saw 11 of its levels.

You collected 632 gold pieces.
You spent 481 gold pieces at shops.

Inventory:

Hand Weapons
 h - a +0 blowgun
 l - a +3 flail of crushing (weapon)
 F - a +1 giant spiked club
Missiles
 D - 7 curare-tipped needles
 E - 30 poisoned needles
 S - 2 throwing nets
 T - 2 large rocks (quivered)
Armour
 n - a +2 hat (worn)
 A - a +1 robe of cold resistance (worn)
 J - a +0 cloak (worn)
Jewellery
 L - a ring of stealth (left hand)
Wands
 j - a wand of flame (5)
 x - a wand of digging (11)
 H - a wand of slowing (28)
 N - a wand of lightning (0)
 O - a wand of polymorph (10)
 U - a wand of cold (8)
Scrolls
 a - a scroll of enchant armour {unknown}
 g - 4 scrolls of remove curse
 i - 5 scrolls of identify
 k - a scroll of blinking {unknown}
 o - 4 scrolls of enchant weapon
 p - a scroll of fear {unknown}
 s - a scroll of recharging {unknown}
 w - 2 scrolls of teleportation
 y - 4 scrolls of immolation {unknown}
 B - 3 scrolls of magic mapping {unknown}
 Q - a scroll of amnesia {unknown}
 V - a scroll of fog {unknown}
Potions
 b - a potion of resistance
 c - a potion of haste
 f - 2 potions of might
 m - 2 potions of mutation {unknown}
 r - a potion of heal wounds
 u - 2 potions of brilliance
 v - 3 potions of ambrosia {unknown}
 G - a potion of cancellation {unknown}
 I - a potion of cure mutation {unknown}
 K - 5 potions of curing
 P - 2 potions of magic {unknown}
 R - a potion of flight
Books
 d - a book of Debilitation

   Spells                             Type                      Level
   a - Corona                         Hexes                        1
   b - Slow                           Hexes                        2
   c - Gell's Gravitas                Hexes/Translocation          3
   d - Inner Flame                    Hexes/Fire                   3
   e - Cause Fear                     Hexes                        4
   f - Leda's Liquefaction            Hexes/Earth                  4
 C - a book of Fire

   Spells                             Type                      Level
   a - Ignite Poison                  Fire/Transmutation/Poison    3
   b - Fireball                       Conjuration/Fire             5
   c - Bolt of Fire                   Conjuration/Fire             6
   d - Delayed Fireball               Conjuration/Fire             7
   e - Ring of Flames                 Charms/Fire                  7
Comestibles
 e - 8 bread rations
 q - 5 beef jerkies
 t - 3 meat rations
 z - 9 royal jellies


   Skills:
 + Level 8.1 Fighting
 * Level 17.8 Maces & Flails
 - Level 2.2 Throwing
 + Level 5.8 Dodging
 - Level 1.2 Spellcasting
 - Level 2.1 Hexes


You had 11 spell levels left.
You knew the following spells:

 Your Spells              Type           Power        Failure   Level  Hunger
a - Corona                Hex            #......      14%         1    ##.....


Dungeon Overview and Level Annotations

Branches:
Dungeon (10/15)            Temple (1/1) D:7
   Lair: D:8-11         Orc: D:9-12

Altars:
Ashenzari
Elyvilon
Fedhas
Gozag
Makhleb
Nemelex Xobeh
Qazlal
Ru
Sif Muna
Trog
Vehumet
Xom
Yredelemnul
Zin

Shops:
D:8 }   D:9 !


Innate Abilities, Weirdness & Mutations

You are too large for most types of armour.
You have tough skin (AC +1).
You are partially covered in thin metallic scales (AC +2).


Message History

Qazlal accepts your kill.
Unknown command.
You see here a dagger.
Unknown command.
Unknown command.
You barely miss the komodo dragon. The komodo dragon bites you!
* * * LOW HITPOINT WARNING * * *
You are too injured to fight recklessly!
You are too injured to fight recklessly!
You are too injured to fight recklessly!
You are too injured to fight recklessly!
You are too injured to fight recklessly!
You are too injured to fight recklessly!
You hit the komodo dragon but do no damage.
The komodo dragon bites you!!
* * * LOW HITPOINT WARNING * * *
Read which item? (? for menu, Esc to quit)
As you read the scroll of teleportation, it crumbles to dust.
You feel strangely unstable. The komodo dragon bites you.
You die...

.........†(.....)................
............(............###.....
.............).%.###[...## ##....
.......(.>......)# #(...# #....
.................###...(## ##....
.......................).###(..o.
....[..............(......((.....
...###.........l.§........([((.(.
...# #..........@.)...........)..
...# .........)).............(
.... ..###..................# ...
#....)............##
#................##
..................##
........###......## ........##
##....## ........# #..[##


You could see a komodo dragon.

Vanquished Creatures
  The ghost of WildSam the Covert, a novice KoIE of Dithmenos (D:9)
  The ghost of puimuR the Cleaver, a novice DsBe of Trog (D:6)
  A hill giant (D:9)
  Joseph (D:9)
  The ghost of tp1 the Thaumaturge, a novice DECj of Sif Muna (D:7)
  A troll (D:10)
  A trapdoor spider zombie (D:8)
  A hippogriff (D:7)
  A deep elf mage (D:9)
  A hungry ghost (D:10)
  A mottled dragon (D:9)
  A soldier ant (D:8)
  A spider (D:8)
  3 orc warriors
  4 phantoms
  A wasp (D:8)
  5 sky beasts
  2 eyes of draining (D:6)
  An ogre (D:6)
  A crocodile (D:9)
  6 centaurs
  4 big kobolds
  10 giant frogs
  5 wights (D:7)
  5 killer bees (D:8)
  3 crimson imps
  4 hounds
  8 jellies
  A centaur skeleton (D:6)
  3 iguanas
  A giant frog skeleton (D:5)
  16 orc wizards
  9 orc priests
  Terence (D:2)
  13 worker ants
  A hound skeleton (D:10)
  3 gnolls (D:7)
  A mummy (D:7)
  A worker ant zombie (D:4)
  2 shadow imps
  16 adders
  2 oozes (D:4)
  An adder skeleton (D:4)
  An adder zombie (D:6)
  4 worms
  11 giant geckos
  54 orcs
  3 ball pythons
  7 hobgoblins
  9 jackals
  20 kobolds
  8 quokkas
  6 bats
  7 giant cockroaches
  A giant gecko skeleton (D:8)
  4 giant newts
  7 goblins
  A jackal skeleton (D:6)
  A kobold zombie (D:7)
  3 orc zombies (D:7)
  9 rats
302 creatures vanquished.

Vanquished Creatures (others)
  2 kobolds (D:10)
2 creatures vanquished.

Grand Total: 304 creatures vanquished

Notes
Turn   | Place    | Note
--------------------------------------------------------------
     0 | D:1      | HungrySpirit the Ogre Arcane Marksman began the quest for the Orb.
     0 | D:1      | Reached XP level 1. HP: 19/19 MP: 2/2
   152 | D:1      | Reached XP level 2. HP: 26/28 MP: 3/3
   156 | D:1      | Reached skill level 1 in Maces & Flails
  1025 | D:2      | Found a basalt altar of Yredelemnul.
  1074 | D:2      | Reached XP level 3. HP: 33/35 MP: 4/4
  1244 | D:2      | Noticed Terence
  1277 | D:2      | Killed Terence
  1277 | D:2      | Reached skill level 3 in Maces & Flails
  1611 | D:2      | Reached skill level 4 in Maces & Flails
  1627 | D:2      | Reached XP level 4. HP: 36/42 MP: 5/5
  1855 | D:2      | Found a deep blue altar of Sif Muna.
  2413 | D:3      | Found a bloodstained altar of Trog.
  2594 | D:3      | Reached skill level 5 in Maces & Flails
  2712 | D:3      | Reached XP level 5. HP: 9/49 MP: 6/6
  2933 | D:3      | Reached skill level 6 in Maces & Flails
  3445 | D:3      | Reached skill level 7 in Maces & Flails
  3445 | D:3      | Reached XP level 6. HP: 53/57 MP: 7/7
  4292 | D:4      | Reached skill level 8 in Maces & Flails
  4369 | D:4      | Reached XP level 7. HP: 57/65 MP: 8/8
  4452 | D:4      | Reached skill level 9 in Maces & Flails
  5028 | D:4      | Found a sparkling altar of Nemelex Xobeh.
  5127 | D:5      | Entered Level 5 of the Dungeon
  5149 | D:5      | Found a shimmering altar of Xom.
  5505 | D:5      | Found a sacrificial altar of Ru.
  5593 | D:5      | Reached skill level 10 in Maces & Flails
  5821 | D:5      | Gained mutation: You are partially covered in thin metallic scales (AC +2). [mutagenic meat]
  5951 | D:5      | Reached XP level 8. HP: 72/72 MP: 9/9
  5977 | D:5      | Reached skill level 11 in Maces & Flails
  6171 | D:6      | Noticed puimuR's ghost (novice DsBe)
  6897 | D:6      | Killed puimuR's ghost
  6897 | D:6      | Reached skill level 13 in Maces & Flails
  6959 | D:6      | Found a burning altar of Makhleb.
  6969 | D:6      | Reached XP level 9. HP: 42/79 MP: 10/10
  7225 | D:6      | Reached skill level 14 in Maces & Flails
  7252 | D:6      | Found a bloodstained altar of Trog.
  7427 | D:6      | Reached skill level 15 in Maces & Flails
  7887 | D:7      | Found a white marble altar of Elyvilon.
  8062 | D:7      | Noticed tp1's ghost (novice DECj)
  8077 | D:7      | Killed tp1's ghost
  8270 | D:7      | Reached XP level 10. HP: 83/93 MP: 11/11
  8410 | D:7      | Found a staircase to the Ecumenical Temple.
  8422 | Temple   | Entered the Ecumenical Temple
  8451 | Temple   | Became a worshipper of Qazlal Stormbringer
  8819 | D:7      | Noticed an angel
  8820 | D:7      | Found a glowing silver altar of Zin.
  8959 | D:7      | Reached skill level 16 in Maces & Flails
  9169 | D:8      | Found Xor Oza's Gadget Shop.
  9217 | D:8      | Reached skill level 5 in Fighting
  9696 | D:8      | Reached * piety under Qazlal
 10237 | D:8      | Paralysed by a wasp for 2 turns
 10240 | D:8      | Paralysed by a wasp for 1 turns
 10873 | D:9      | Noticed WildSam's ghost (novice KoIE)
 10910 | D:9      | Killed WildSam's ghost
 10910 | D:9      | Reached skill level 17 in Maces & Flails
 11307 | D:9      | Found Saliod's Distillery.
 11309 | D:9      | Noticed Joseph
 11567 | D:9      | Killed Joseph
 11567 | D:9      | Reached skill level 5 in Dodging
 11902 | D:9      | Bought a potion of heal wounds for 65 gold pieces
 11902 | D:9      | Bought a potion of haste for 130 gold pieces
 11902 | D:9      | Bought a potion of resistance for 130 gold pieces
 11902 | D:9      | Bought 2 potions of curing for 78 gold pieces
 11902 | D:9      | Bought a potion of poison for 13 gold pieces
 11902 | D:9      | Bought a potion of degeneration for 13 gold pieces
 11902 | D:9      | Bought a potion of brilliance for 52 gold pieces
 12120 | D:9      | Reached XP level 11. HP: 90/109 MP: 12/12
 12625 | D:10     | Entered Level 10 of the Dungeon
 12639 | D:10     | Got a twisted robe
 12648 | D:10     | Identified the cursed +0 robe "Liulati" {Int+4} (You found it on level 10 of the Dungeon)
 12715 | D:10     | Reached ** piety under Qazlal
 12767 | D:10     | Noticed a hill giant
 13028 | D:9      | Killed a hill giant
 13860 | D:10     | HP: 3/111 [komodo dragon (28)]
 13861 | D:10     | Slain by a komodo dragon

Action                   |  1- 3 |  4- 6 |  7- 9 | 10-12 || total
-------------------------+-------+-------+-------+-------++-------
Melee: Club              |    65 |       |       |       ||    65
       Unarmed           |     1 |       |       |       ||     1
       Whip              |    47 |       |       |       ||    47
       Flail             |     9 |   150 |   342 |   434 ||   935
 Fire: Blowgun           |       |       |     3 |       ||     3
Throw: Large rock        |     9 |    11 |    13 |     9 ||    42
       Throwing net      |       |     2 |     7 |     7 ||    16
Evoke: Wand              |       |       |       |     4 ||     4
  Use: Potion            |       |     6 |       |     5 ||    11
       Scroll            |       |     3 |     1 |     5 ||     9
 Stab: Sleeping          |       |     1 |       |     1 ||     2
       Held in net/web   |       |       |     1 |     2 ||     3
  Eat: Chunk             |     2 |     9 |    10 |    13 ||    34
       Fruit             |       |       |     1 |     7 ||     8
       Bread ration      |       |       |     1 |       ||     1
